 Dungeon Crawl Stone Soup version 0.28.0-47-ge53b351184 (webtiles) character file.

Game seed: 17490388829821926044

1248 issech the Cudgeller (level 8, -1/68 (79) HPs)
             Began as a Troll Monk on May 10, 2022.
             Succumbed to a hornet's poison
             ... on level 7 of the Dungeon.
             The game lasted 00:15:27 (4245 turns).

issech the Cudgeller (Troll Monk)                   Turns: 4245, Time: 00:15:27

HP:   -1/68 (79)    AC:  5    Str: 20    XL:     8   Next: 26%
MP:   7/7           EV: 12    Int:  6    God:
Gold: 171           SH:  0    Dex: 20    Spells: 7/7 levels left

rFire   . . .      SeeInvis .   a - +1 morningstar (freeze)
rCold   . . .      Faith    .   (no shield)
rNeg    . . .      Spirit   .   j - +1 robe {Will+}
rPois   .          Reflect  .   (helmet restricted)
rElec   .          Harm     .   (no cloak)
rCorr   .          Rampage  .   (gloves unavailable)
Will    +....                   (boots unavailable)
Stlth   ++........              z - amulet of magic regeneration
HPRegen 1.01/turn               x - +6 ring of dexterity
MPRegen 0.50/turn               (no ring)

@: lethally poisoned (-1 -> -14), slowed, heavily drained, very slow
A: large, unfitting armour, claws 3, regeneration 1, shaggy fur 1, tough skin 1
a: no special abilities


You were on level 7 of the Dungeon.
You visited 1 branch of the dungeon, and saw 6 of its levels.

You collected 171 gold pieces.

Inventory:

Hand Weapons
 a - a +1 morningstar of freezing (weapon)
 b - a +0 giant spiked club
 p - a +5 dagger
 v - a +3 scythe
 F - a +3 long sword
 G - a +1 great sword of freezing
 H - a +1 flail
Missiles
 c - 215 stones
 f - 4 boomerangs of dispersal
 m - 37 sling bullets
 t - 48 arrows
 u - 4 boomerangs (quivered)
 w - 6 curare-tipped darts
 D - 12 bolts
Armour
 j - a +1 robe of willpower (worn)
Magical Staves
 q - a staff of death
Jewellery
 x - a +6 ring of dexterity (left claw)
 z - an amulet of magic regeneration (around neck)
Scrolls
 h - a scroll of brand weapon {unknown}
 k - a scroll of vulnerability {unknown}
 l - a scroll of acquirement {unknown}
 n - 2 scrolls of teleportation {unknown}
 r - 2 scrolls of enchant weapon {unknown}
 s - a scroll of noise {unknown}
 E - a scroll of blinking {unknown}
Potions
 d - a potion of ambrosia {unknown}
 e - a potion of might {unknown}
 g - 2 potions of invisibility {unknown}
 i - a potion of lignification {unknown}
 o - 4 potions of curing {unknown}
 B - a potion of flight {unknown}
 C - a potion of magic {unknown}


   Skills:
 + Level 4.4 Fighting
 + Level 3.3 Short Blades
 + Level 5.4 Maces & Flails
 + Level 2.1 Throwing
 + Level 4.2 Dodging
 + Level 2.0 Stealth


You had 7 spell levels left.
You didn't know any spells.
Your spell library contained the following spells:

 Spells                   Type           Power      Damage    Failure   Level
 Foxfire                  Conj/Fire      0%         2x1d4     45%         1
 Sandblast                Erth           0%         2d4       45%         1
 Shock                    Conj/Air       0%         1d3       45%         1
 Slow                     Hex            0%         N/A       45%         1
 Passwall                 Tmut/Erth      0%         N/A       58%         2
 Confusing Touch          Hex            0%         N/A       83%         3
 Conjure Flame            Conj/Fire      0%         6-21      83%         3
 Frozen Ramparts          Ice            0%         1d2       83%         3
 Inner Flame              Hex/Fire       0%         N/A       83%         3
 Stone Arrow              Conj/Erth      0%         3d7       83%         3
 Swiftness                Air            0%         N/A       83%         3
 Vampiric Draining        Necr           0%         2d6       83%         3
 Airstrike                Air            0%         N/A       99%         4
 Flame Wave               Conj/Fire      0%         2d4       99%         4
 Ice Form                 Ice/Tmut       0%         N/A       99%         4
 Summon Ice Beast         Ice/Summ       0%         N/A       99%         4


Dungeon Overview and Level Annotations

Branches:
Dungeon (5/15)
 Temple: D:4-7

Altars:
Cheibriados
Xom

Shops:
D:4 :


Innate Abilities, Weirdness & Mutations

You are too large for most types of armour.
You have claws for hands.
Your natural rate of healing is unusually fast.
You are covered in fur. (AC +1)
You have tough skin. (AC +1)


Message History

There is a stone staircase leading up here.
Found a shimmering altar of Xom.
Found two shimmering altars of Xom.
Found an escape hatch in the floor.
Found 6 curare-tipped darts.
Found a shimmering altar of Xom.
The hobgoblin shouts!
Found a shimmering altar of Xom.
The ball python changes into an adder!
The adder hisses angrily.
The adder changes into a dart slug!
The dart slug changes into a kobold!
w - 6 curare-tipped darts The kobold changes into a river rat!
A hornet comes into view.
The hornet buzzes angrily.
The hornet stings you!
You are poisoned.
You feel yourself slow down.
You closely miss the hornet.
You feel yourself speed up.
You feel very sick. The hornet stings you!
You are more poisoned.
You feel yourself slow down. The hornet closely misses you.
The hornet stings you.
You are more poisoned.
You feel as though you will be slow longer.
You feel extremely sick. The hornet stings you!
* * * LOW HITPOINT WARNING * * *
You are lethally poisoned!
You feel as though you will be slow longer.
The hornet stings you.
* * * LOW HITPOINT WARNING * * *
You feel as though you will be slow longer.
* * * LOW HITPOINT WARNING * * *
You feel extremely sick. The hornet misses you.
The hornet stings you but does no damage.
You hit the hornet. You freeze the hornet.
The hornet is lightly wounded.
You die...

##.....### ##.........
........## #.........
##### ......... ..._.#
#....#...
..._.####.!.......
_._._#..#y####...#
_...r#..#@###.....
._.>.#........#
#######...###### ###
#...........# #..
###.....##..... #.#
####..# ##... ##.#
#..# ###.#
#..##########..##.....
...#.....#...........#


You could see a hornet.

Vanquished Creatures
  Sigmund (D:2)
  A water moccasin (D:7)
  An ice beast (D:7)
  A necrophage (D:4)
  2 ogres
  2 phantoms (D:5)
  7 wights (D:7)
  A howler monkey (D:4)
  Jessica (D:2)
  5 adders
  2 ufetubi
  3 adder skeletons
  A worm (D:2)
  3 dart slugs
  2 orcs (D:3)
  5 endoplasms
  7 giant cockroaches
  6 goblins
  3 hobgoblins
  5 jackals (D:1)
  7 kobolds
  5 quokkas
  7 ball pythons
  5 bats
  2 frilled lizards
  3 rats
88 creatures vanquished.

Notes
Turn   | Place    | Note
-------+----------+-------------------------------------------
     0 | D:1      | issech the Troll Monk began the quest for the Orb.
     0 | D:1      | Reached XP level 1. HP: 22/22 MP: 0/0
   211 | D:1      | Reached XP level 2. HP: 28/29 MP: 1/1
   217 | D:1      | Reached skill level 3 in Maces & Flails
   308 | D:1      | Found a faded altar of an unknown god.
   760 | D:2      | Reached XP level 3. HP: 36/36 MP: 2/2
  1137 | D:2      | Reached XP level 4. HP: 45/45 MP: 3/3
  1253 | D:2      | Noticed Jessica
  1264 | D:2      | Killed Jessica
  1299 | D:2      | Noticed Sigmund
  1844 | D:3      | Reached skill level 4 in Maces & Flails
  2017 | D:3      | Reached XP level 5. HP: 52/53 MP: 4/4
  2108 | D:3      | Found a snail-covered altar of Cheibriados.
  2699 | D:2      | Killed Sigmund
  2700 | D:2      | Reached XP level 6. HP: 61/61 MP: 5/5
  2908 | D:4      | HP: 2/61 [ogre/+0 giant club (15)]
  2918 | D:4      | Reached skill level 1 in Short Blades
  2918 | D:4      | Reached skill level 1 in Throwing
  3143 | D:4      | Reached XP level 7. HP: 67/67 MP: 6/6
  3238 | D:4      | Found Anuiko's Self-Improvement Boutique.
  3432 | D:5      | Entered Level 5 of the Dungeon
  3645 | D:5      | You fall into a shaft and drop 2 floors!
  3791 | D:7      | Reached skill level 5 in Maces & Flails
  3896 | D:7      | Reached XP level 8. HP: 51/71 MP: 7/7
  4216 | D:7      | Found a shimmering altar of Xom.
  4217 | D:7      | Found a shimmering altar of Xom.
  4228 | D:7      | Found a shimmering altar of Xom.
  4230 | D:7      | Found a shimmering altar of Xom.
  4230 | D:7      | Found a shimmering altar of Xom.
  4231 | D:7      | Found a shimmering altar of Xom.
  4232 | D:7      | Found a shimmering altar of Xom.
  4240 | D:7      | Noticed a hornet
  4245 | D:7      | Succumbed to a hornet's poison

Illustrated notes

Levels and vault maps discovered:
D:1:      dpeg_arrival_castle, layout_loops_cross,
          ebering_ecumenical_altar_petrified, hex_medium,
          minmay_worlds_worst_comb
D:2:      layout_rooms, chequers_serial_rivers_small_b, lightli_corner_chamber,
          uniq_jessica, uniq_sigmund
D:3:      layout_basic, lemuel_doored_altar, minmay_misc_feat_chi
D:4:      layout_rooms, nicolae_shop_self_help
D:5:      layout_rooms, nicolae_dithmenos_shadow_blocks
D:7:      layout_rooms, xom_shifter_show, minmay_temple_entry_nine_rooms,
          kennysheep_generic_room_4, uniq_crazy_yiuf_cottage

Skill      XL: |  1  2  3  4  5  6  7 |
---------------+----------------------+-----
Maces & Flails | 3 4 5 |  5.4
Fighting       | 3 4 |  4.4
Dodging        | 3 4 |  4.2
Short Blades   | 1 3 |  3.3
Throwing       | 1 2 |  2.1
Stealth        | 2 |  2.0

Action                   |  1- 3 |  4- 6 |  7- 9 || total
-------------------------+-------+-------+-------++-------
Melee: Mace              |    12 |       |       ||    12
       Flail             |   108 |    36 |       ||   144
       Punch             |     1 |       |     2 ||     3
       Dagger            |       |   110 |    50 ||   160
       Giant spiked club |       |       |    37 ||    37
       Morningstar       |       |       |    10 ||    10
Throw: Stone             |    17 |       |     9 ||    26
       Boomerang         |       |    12 |     5 ||    17
 Stab: Sleeping          |     1 |     2 |     1 ||     4
       Distracted        |       |     1 |       ||     1
Armor: Robe              |    53 |    36 |    15 ||   104
Dodge: Dodged            |    76 |    79 |    38 ||   193
